 Dungeon Crawl Stone Soup version 0.24-a0-235-g3f03afcf10 (webtiles) character file.

Game seed: 18205612283883638127

203 Redear the Shield-Bearer (level 5, -8/37 HPs)
             Began as an Octopode Fighter on Apr 5, 2019.
             Mangled by a wyvern skeleton (9 damage)
             ... on level 6 of the Dungeon.
             The game lasted 00:02:45 (1506 turns).

Redear the Shield-Bearer (Octopode Fighter)         Turns: 1506, Time: 00:02:46

Health: -8/37      AC:  1    Str: 16    XL:     5   Next: 81%
Magic:  5/5        EV: 12    Int: 11    God:
Gold:   32         SH:  9    Dex: 11    Spells: 4/4 levels left

rFire    . . .     SeeInvis .   b - +2 long sword (holy)
rCold    . . .     Gourm    .   j - +0 shield
rNeg     . . .     Faith    .   (helmet restricted)
rPois    .         Spirit   .   (no amulet)
rElec    .         Reflect  .   (no ring)
rCorr    .         Harm     .   (no ring)
MR       .....                  (no ring)
Stlth    +++.......             (no ring)
HPRegen  0.12/turn              (no ring)
MPRegen  0.09/turn              (no ring)
                                (no ring)
                                (no ring)

@: no status effects
A: almost no armour, stealthy swim, amphibious, 8 rings, constrict 8, camouflage
1, gelatinous body 1
a: no special abilities


You were on level 6 of the Dungeon.
You were near starving.

You visited 1 branch of the dungeon, and saw 4 of its levels.

You collected 32 gold pieces.

Inventory:

Hand Weapons
 a - a +0 long sword
 b - a +2 long sword of holy wrath (weapon)
Armour
 j - a +0 shield (worn)
Jewellery
 l - an uncursed ring of see invisible {unknown}
Wands
 D - a wand of digging (6)
Scrolls
 d - a scroll of noise {unknown}
 e - a scroll of teleportation {unknown}
 g - 2 scrolls of remove curse {unknown}
 h - 2 scrolls of identify {unknown}
 i - a scroll of fog {unknown}
 k - a scroll of random uselessness {unknown}
 n - 2 scrolls of amnesia {unknown}
Potions
 c - a potion of might {Str+5 DMG+1d10 | @q3}
 f - a potion of curing {unknown}
 m - a potion of flight {unknown}
Comestibles
 z - 4 rations


   Skills:
 + Level 3.8 Fighting
 + Level 3.1 Long Blades
 + Level 3.8 Dodging
 + Level 3.1 Stealth
 + Level 3.9 Shields


You had 4 spell levels left.
You didn't know any spells.
Your spell library was empty.

Dungeon Overview and Level Annotations

Branches:
Dungeon (3/15)

Altars:


Innate Abilities, Weirdness & Mutations

You cannot wear most types of armour.
You are very stealthy in the water. (Stealth+)
You are amphibious.
You can wear up to eight rings at the same time.
You can use your tentacles to constrict eight enemies at once.
Your skin changes colour to match your surroundings (Stealth+).
Your rubbery body absorbs attacks. (AC +1, EV +1)


Message History

You are too injured to fight recklessly!
Unknown command.
Unknown command.
You slash the wyvern skeleton!
The wyvern skeleton convulses.
You squeeze the wyvern skeleton!
The wyvern skeleton is severely damaged.
The wyvern skeleton bites you! The wyvern skeleton barely misses you.
You take 7 damage, and have 15/37 hp.
You hit the wyvern skeleton.
The wyvern skeleton convulses.
You squeeze the wyvern skeleton.
The wyvern skeleton is almost destroyed.
You block the wyvern skeleton's attack. The wyvern skeleton bites you!
* * * LOW HITPOINT WARNING * * *
You take 14 damage, and have 1/37 hp.
MASSIVE DAMAGE!!
Unknown command.
Okay, then.
You hit the wyvern skeleton.
The wyvern skeleton convulses.
The wyvern skeleton is almost destroyed.
The wyvern skeleton bites you!
You die...

#######
...)..
#..#.#
#..#.#
#Z.#.#
#.@#.# #
#..#.##.#
#.......#
####.####
#.# #.#
#.# #.#
#.#


You could see a wyvern skeleton.

Vanquished Creatures
  Sigmund (D:2)
  2 adders (D:2)
  A worm (D:2)
  3 dart slugs
  2 leopard geckos
  2 giant cockroaches
  4 goblins
  3 hobgoblins
  6 bats
  3 frilled lizards
  2 kobolds (D:1)
  5 rats
34 creatures vanquished.

Notes
Turn   | Place    | Note
-------+----------+-------------------------------------------
     0 | D:1      | Redear the Octopode Fighter began the quest for the Orb.
     0 | D:1      | Reached XP level 1. HP: 16/16 MP: 1/1
   207 | D:1      | Reached XP level 2. HP: 15/21 MP: 2/2
   449 | D:1      | Reached skill level 1 in Stealth
   818 | D:2      | Reached XP level 3. HP: 26/26 MP: 3/3
  1174 | D:2      | Noticed Sigmund
  1302 | D:2      | Killed Sigmund
  1302 | D:2      | Reached skill level 3 in Long Blades
  1302 | D:2      | Reached skill level 3 in Stealth
  1302 | D:2      | Reached XP level 4. HP: 24/33 MP: 4/4
  1302 | D:2      | Reached XP level 5. HP: 27/37 MP: 5/5
  1490 | D:3      | You fall through a shaft for 3 floors!
  1505 | D:6      | HP: 1/37 [wyvern skeleton (14)]
  1506 | D:6      | Mangled by a wyvern skeleton

Levels and vault maps discovered:
D:1:      psy_arrival_fountain, layout_basic
D:2:      layout_rooms, first_ration, uniq_sigmund
D:3:      layout_basic, cheibriados_altar_1
D:6:      cheibrodos_iron_armory, layout_loops_cross, zin_purify,
          lemuel_doored_altar, gammafunk_temple_overflow_claw, tso_altar,
          temple_green, serial_shops,
          nicolae_shop_temple_entry_statues_fountains, uniq_blork_the_orc,
          uniq_pikel, uniq_crazy_yiuf_cottage

Skill      XL: |  1  2  3 |
---------------+----------+-----
Stealth        | 1 3 |  3.1
Long Blades    | 3 |  3.1
Fighting       | |  3.8
Dodging        | |  3.8
Shields        | |  3.9

Action                   |  1- 3 |  4- 6 || total
-------------------------+-------+-------++-------
Melee: Long sword        |    47 |     8 ||    55
       Tentacles         |    15 |     3 ||    18
       Constrict         |    14 |     1 ||    15
 Stab: Sleeping          |     8 |     1 ||     9
Armor: Skin              |     6 |       ||     6
Dodge: Dodged            |    30 |     2 ||    32
Block: Shield            |     9 |     3 ||    12
       Rpst.: Long sword |     8 |     1 ||     9

Table legend:
 A = Non-vault XP
 B = Vault XP
 C = Vault XP percentage of total XP
 D = Non-vault monster count
 E = Vault monster count
 F = Vault count percentage of total count
                 A         B        C        D         E       F
            +---------+---------+-------+---------+---------+-------
      Total |      85 |     205 |  70.7 |      33 |       1 |   2.9
            +---------+---------+-------+---------+---------+-------
        D:1 |      29 |       0 |   0.0 |      18 |       0 |   0.0
        D:2 |      56 |     205 |  78.5 |      15 |       1 |   6.2
            +---------+---------+-------+---------+---------+-------
